 Dungeon Crawl Stone Soup version 0.28-a0-1486-g8196b01e9b (webtiles) character file.

Game seed: 4364809940695998071

1284 njo the Carver (level 8, -7/71 HPs)
             Began as a Minotaur Berserker on Jan 12, 2022.
             Was a Priest of Trog.
             Mangled by Pikel (17 damage)
             ... on level 6 of the Dungeon.
             The game lasted 00:25:58 (4020 turns).

njo the Carver (Minotaur Berserker)                 Turns: 4020, Time: 00:25:58

Health: -7/71      AC: 12    Str: 24    XL:     8   Next: 29%
Magic:  7/7        EV: 10    Int:  4    God:    Trog [***...]
Gold:   125        SH:  5    Dex: 10    Spells: 7/7 levels left

rFire   . . .      SeeInvis +   a - +0 falchion
rCold   . . .      Faith    .   (no shield)
rNeg    . . .      Spirit   .   o - +2 chain mail {Will+}
rPois   .          Reflect  +   (helmet restricted)
rElec   .          Harm     .   (no cloak)
rCorr   .          Rampage  .   (no gloves)
Will    +....                   (no boots)
Stlth   ..........              b - amulet of reflection
HPRegen 0.21/turn               i - ring of see invisible
MPRegen 0.10/turn               (no ring)

@: no status effects
A: horns 2, retaliatory headbutt
a: Renounce Religion, Berserk, Trog's Hand


You were on level 6 of the Dungeon.
You worshipped Trog.
Trog was most pleased with you.
You visited 1 branch of the dungeon, and saw 5 of its levels.

You collected 125 gold pieces.

Inventory:

Hand Weapons
 a - a +0 falchion (weapon)
 e - a +1 dagger of venom
 h - a +3 dagger of draining
 q - a +0 morningstar of holy wrath
 y - a +0 dagger
Missiles
 g - 60 arrows
 j - 6 atropa-tipped darts
 k - 6 javelins
 l - 11 poisoned darts
 s - 45 bolts
Armour
 o - a +2 chain mail of willpower (worn)
Magical Staves
 w - a staff of conjuration
Jewellery
 b - an amulet of reflection (around neck)
 i - a ring of see invisible (left hand)
Wands
 u - a wand of iceblast (5)
 x - a wand of paralysis (3)
Scrolls
 c - 6 scrolls of identify {unknown}
 d - a scroll of fear {unknown}
 f - 2 scrolls of teleportation {unknown}
 m - a scroll of amnesia {unknown}
 n - 2 scrolls of enchant armour {unknown}
 r - a scroll of noise {unknown}
Potions
 p - a potion of ambrosia {unknown}
 t - 2 potions of degeneration {unknown}
 v - 3 potions of haste {unknown}


   Skills:
 + Level 6.4 Fighting
 * Level 8.4 Long Blades
 + Level 5.9 Armour
 + Level 5.4 Dodging


You had 7 spell levels left.
You didn't know any spells.
Your spell library was empty.

Dungeon Overview and Level Annotations

Branches:
Dungeon (6/15)
 Temple: D:4-7

Altars:
Okawaru

Annotations:
D:6 Pikel


Innate Abilities, Weirdness & Mutations

You have a pair of horns on your head.
You reflexively headbutt those who attack you in melee.


Message History

Pikel is heavily wounded.
Pikel hits you but does no damage.
You completely miss Pikel.
Pikel is heavily wounded.
Pikel hits you with a +0 whip of electrocution.
You are electrocuted!
You hit Pikel. Your headbutt misses Pikel.
Pikel is heavily wounded.
The lemure hits you but does no damage.
Pikel zaps a wand.
The mass of ice explodes!
The iceblast engulfs you!
You barely miss the lemure. You closely miss the lemure. The lemure hits you.
You barely miss the lemure. The lemure hits you but does no damage.
You closely miss the lemure. You headbutt the lemure!
The lemure is heavily wounded.
The lemure hits you but does no damage.
You hit the lemure. Your headbutt misses the lemure.
The lemure is severely wounded.
The lemure hits you but does no damage.
You closely miss the lemure.
The lemure is severely wounded.
You closely miss the lemure.
The lemure is severely wounded.
The lemure hits you!
You slash the lemure!
You kill the lemure!
That felt strangely unrewarding.
You closely miss Pikel. Your headbutt misses Pikel.
Pikel is heavily wounded.
You block Pikel's attack.
You closely miss Pikel. You headbutt Pikel.
Pikel is heavily wounded.
Pikel hits you but does no damage.
You are electrocuted!
* * * LOW HITPOINT WARNING * * *
You hit Pikel.
Pikel is severely wounded.
Pikel hits you with a +0 whip of electrocution.
* * * LOW HITPOINT WARNING * * *
You are electrocuted!
You die...

###<.....##..###.
#........#.......
#..##...(#.......
###..##..........5.
#.....#...##.......
#..................
#..5........5......
###..K5###......#....
##...@#.#....#...#....
#...###.5..####......#
###...##.............#
##...#.....#.#......
#.......>...#......
####.##.....#......
#####.#.........
###..##.....
####..........


You could see Pikel and 2 lemures.

Vanquished Creatures
  Sigmund (D:2)
  3 black bears
  A necrophage (D:6)
  A sky beast (D:6)
  An ogre (D:6)
  A lemure (D:6)
  2 scorpions (D:5)
  A howler monkey (D:6)
  A bullfrog zombie (D:5)
  A centaur zombie (D:5)
  2 hounds (D:5)
  A jelly (D:5)
  2 orc priests (D:5)
  A bullfrog skeleton (D:5)
  3 orc wizards (D:5)
  A howler monkey skeleton (D:5)
  An adder (D:2)
  A white imp (D:6)
  2 dart slugs
  2 worms (D:2)
  10 orcs
  5 endoplasms
  3 goblins
  5 hobgoblins
  4 jackals (D:1)
  3 quokkas
  8 ball pythons
  3 frilled lizards
  4 kobolds
  7 rats
81 creatures vanquished.

Notes
Turn   | Place    | Note
-------+----------+-------------------------------------------
     0 | D:1      | njo the Minotaur Berserker began the quest for the Orb.
     0 | D:1      | Reached XP level 1. HP: 19/19 MP: 0/0
   173 | D:1      | Reached XP level 2. HP: 22/27 MP: 1/1
   439 | D:1      | Reached skill level 4 in Long Blades
   614 | D:1      | Reached XP level 3. HP: 29/33 MP: 2/2
   784 | D:1      | Found a faded altar of an unknown god.
   937 | D:2      | Reached ** piety under Trog
  1131 | D:2      | Found an iron altar of Okawaru.
  1283 | D:2      | Noticed Sigmund
  1301 | D:2      | Killed Sigmund
  1302 | D:2      | Reached skill level 5 in Long Blades
  1302 | D:2      | Reached XP level 4. HP: 25/41 MP: 3/3
  1302 | D:2      | Reached XP level 5. HP: 28/47 MP: 4/4
  1642 | D:3      | You fall into a shaft and drop 2 floors!
  1642 | D:5      | Entered Level 5 of the Dungeon
  1660 | D:5      | Reached XP level 6. HP: 52/55 MP: 5/5
  1664 | D:5      | Reached skill level 5 in Fighting
  1664 | D:5      | Reached skill level 6 in Long Blades
  1879 | D:5      | Reached XP level 7. HP: 22/61 MP: 6/6
  2135 | D:5      | Reached skill level 7 in Long Blades
  2478 | D:5      | Reached *** piety under Trog
  2479 | D:5      | Reached skill level 5 in Armour
  3389 | D:6      | Noticed Pikel
  3459 | D:6      | Reached skill level 5 in Dodging
  3513 | D:6      | Reached XP level 8. HP: 68/70 MP: 7/7
  3548 | D:6      | Reached skill level 8 in Long Blades
  4020 | D:6      | Mangled by Pikel

Illustrated notes

Levels and vault maps discovered:
D:1:      evilmike_arrival_plus, layout_loops_ring,
          shapermc_ecumenical_altar_venn
D:2:      layout_rooms, basic_altar, minmay_pentomino_z4, uniq_sigmund
D:3:      kennysheep_six_static_rooms, layout_loops_corners,
          lemuel_doored_altar, minmay_pentangle
D:5:      layout_basic
D:6:      layout_cave_pools, kennysheep_mini_moat, vehumet_statue,
          zin_scriptorium, uniq_crazy_yiuf_cottage, uniq_pikel

Skill      XL: |  1  2  3  4  5  6  7  8 |
---------------+-------------------------+-----
Long Blades    | 4 5 6 7 8 |  8.4
Fighting       | 4 5 6 |  6.4
Armour         | 3 4 5 |  5.9
Dodging        | 3 4 5 |  5.4

Action                   |  1- 3 |  4- 6 |  7- 9 || total
-------------------------+-------+-------+-------++-------
Melee: Falchion          |    91 |    74 |   131 ||   296
       Headbutt          |    12 |    13 |    26 ||    51
       Punch             |     2 |     1 |     1 ||     4
Invok: Trog's Hand       |     1 |       |     1 ||     2
  Use: Potion            |       |     1 |       ||     1
Armor: Animal skin       |     5 |       |       ||     5
       Ring mail         |    15 |       |       ||    15
       Chain mail        |     4 |    30 |    84 ||   118
Dodge: Dodged            |    59 |    22 |    72 ||   153
Block: Other             |     1 |    17 |    23 ||    41

Table legend: (Time is in decaauts)
 A = Elapsed time spent in this place.
 B = Non-inter-level travel time spent in this place.
 C = Inter-level travel time spent in this place.
 D = Time resting spent in this place.
 E = Time spent auto-exploring this place.
 F = Levels seen in this place.
 G = Mean time per level.
                   A        B        C        D        E       F      G
               +--------+--------+--------+--------+--------+-----+--------+
         Total |   4020 |   4014 |      6 |   1129 |    937 |   5 |  804.0 |
       Dungeon |   4020 |   4014 |      6 |   1129 |    937 |   5 |  804.0 |
               +--------+--------+--------+--------+--------+-----+--------+

Top non-repeatable levels by time:
     D:5: 1769 daAuts
     D:1: 929 daAuts
     D:2: 721 daAuts
     D:6: 599 daAuts
